 Dungeon Crawl Stone Soup version 0.23.0 (webtiles) character file.

Game seed: 17968832285278261266

584 Monsterracer the Ruffian (level 7, -12/99 HPs)
             Began as a Troll Wizard on Feb 9, 2019.
             Was an Initiate of Cheibriados.
             Mangled by Pikel
             ... wielding a +1 whip of electrocution
              (18 damage)
             ... on level 4 of the Dungeon.
             The game lasted 00:04:12 (3459 turns).

Monsterracer the Ruffian (Troll Wizard)             Turns: 3459, Time: 00:04:13

Health: -12/99     AC: 23    Str: 22    XL:     7   Next: 14%
Magic:  2/9        EV:  1    Int: 22    God:    Cheibriados [......]
Gold:   177        SH:  8    Dex:  9    Spells: 9/10 levels left

rFire    . . .     SeeInvis .     - Unarmed
rCold    . . .     Gourm    +   p - +0 shield
rNeg     + + +     Faith    .   (armour currently unavailable)
rPois    +         Spirit   .   (helmet currently unavailable)
rElec    .         Reflect  .   (cloak currently unavailable)
rCorr    .         Harm     .   (gloves unavailable)
MR       .....     NoTele   +   (boots unavailable)
Stlth    +.........             (no amulet)
HPRegen  0.66/turn              k - +5 ring of intelligence
MPRegen  0.11/turn              (no ring)

@: mighty, tree-form, very slow
A: large, unfitting armour, fast metabolism 3, gourmand, regeneration 1
a: Bend Time, Renounce Religion


You were on level 4 of the Dungeon.
You worshipped Cheibriados.
Cheibriados was noncommittal.
You were not hungry.
You were a tree.
You visited 2 branches of the dungeon, and saw 5 of its levels.

You collected 177 gold pieces.

Inventory:

Missiles
 g - 179 stones (quivered)
 l - 5 silver tomahawks
Armour
 a - a +0 robe (melded)
 b - a +0 hat (melded)
 d - a scarf of repulsion (melded)
 p - a +0 shield (worn)
Jewellery
 h - an uncursed ring of ice
 k - a +5 ring of intelligence (left branch)
 n - an uncursed ring of magical power {unknown}
Scrolls
 m - a scroll of magic mapping
 r - a scroll of remove curse
 t - a scroll of teleportation {!r}
 X - a scroll of blinking
Potions
 e - 3 potions of agility
 i - a potion of lignification
 j - a potion of might
 q - a potion of haste {unknown}
Comestibles
 c - 10 rations


   Skills:
 + Level 2.6 Fighting
 + Level 3.2 Dodging
 - Level 1.0 Stealth
 + Level 1.7 Shields
 * Level 4.9 Unarmed Combat
 - Level 2.0 Spellcasting
 - Level 0.6 Conjurations
   Level 0.6 Summonings
   Level 0.6 Translocations
 + Level 0.9 Invocations


You had 9 spell levels left.
You knew the following spells:

 Your Spells              Type           Power        Failure   Level  Hunger
a - Magic Dart            Conj           #...         45%         1    #......

Your spell library contained the following spells:

 Spells                   Type           Power        Failure   Level  Hunger
 Blink                    Tloc           N/A          58%         2    ##.....
 Call Imp                 Summ           #.......     58%         2    ##.....
 Slow                     Hex            #.......     67%         2    ##.....
 Conjure Flame            Conj/Fire      #.......     86%         3    ###....
 Mephitic Cloud           Conj/Pois/Air  #.......     87%         3    ###....


Dungeon Overview and Level Annotations

Branches:
Dungeon (4/15)             Temple (1/1) D:4

Altars:
Ashenzari
Cheibriados
Dithmenos
Elyvilon
Fedhas
Gozag
Hepliaklqana
Makhleb
Nemelex Xobeh
Okawaru
Qazlal
Sif Muna
Trog
Uskayaw
Vehumet
Wu Jian
Xom
Zin

Annotations:
D:4 Pikel


Innate Abilities, Weirdness & Mutations

You are too large for most types of armour.
((You have claws for hands.))
Your metabolism is lightning-fast.
You like to eat raw meat.
Your natural rate of healing is unusually fast.
((You are covered in fur. (AC +1)))
((You have extremely tough skin. (AC +3)))


Message History

* * * LOW HITPOINT WARNING * * *
You take 23 damage, and have 31/66 hp.
MASSIVE DAMAGE!!
You claw the orc priest!
You kill the orc priest!
Cheibriados thoroughly appreciates the change of pace.
The orc priest casts a cantrip, but nothing happens.
Pikel barely misses you.
You closely miss Pikel.
The orc priest calls down the wrath of Beogh upon you.
Pain shoots through your body!
* * * LOW HITPOINT WARNING * * *
Pikel hits you with a +1 whip of electrocution.
* * * LOW HITPOINT WARNING * * *
You take 15 damage, and have 16/66 hp.
MASSIVE DAMAGE!!
The flow of time bends around you.
Pikel resists with some effort.
You feel slightly more hungry.
The orc priest calls down the wrath of Beogh upon you.
You struggle to resist.
You block Pikel's attack.
You now have 6/9 mp.
The flow of time bends around you.
Pikel resists with some effort.
You feel slightly more hungry.
The orc priest looks satisfied for a moment.
You block Pikel's attack.
You now have 3/9 mp.
The flow of time bends around you.
Cheibriados rebukes Pikel.
Pikel seems to slow down.
You feel slightly more hungry.
You now have 0/9 mp.
You barely miss the orc priest.
Pikel hits you with a +1 whip of electrocution!
* * * LOW HITPOINT WARNING * * *
The orc priest hits you with a +0 falchion.
* * * LOW HITPOINT WARNING * * *
You take 14 damage, and have 4/66 hp.
MASSIVE DAMAGE!!
It was a potion of heal wounds.
You feel much better.
w - a potion of heal wounds Pikel hits you but does no damage.
The orc priest hits you but does no damage.
You regained 25 hp, and now have 29/66 hp.
You claw the orc priest!
The orc priest is heavily wounded.
You scratch the orc priest.
The orc priest is almost dead.
The orc priest barely misses you. Pikel completely misses you.
You scratch the orc priest but do no damage.
The orc priest is almost dead.
The orc priest mumbles some strange prayers to Beogh against you.
Beogh smites you!
* * * LOW HITPOINT WARNING * * *
Pikel cracks his whip.
Pikel barely misses you.
You take 10 damage, and have 20/66 hp.
Unknown command.
Unknown command.
You claw the orc priest!
You kill the orc priest!
Cheibriados appreciates the change of pace.
You miss Pikel. Pikel hits you but does no damage.
You closely miss Pikel. Pikel closely misses you.
You barely miss Pikel. You scratch Pikel but do no damage.
You block Pikel's attack.
You closely miss Pikel.
Pikel is no longer moving slowly.
Pikel hits you with a +1 whip of electrocution.
* * * LOW HITPOINT WARNING * * *
You are electrocuted!
* * * LOW HITPOINT WARNING * * *
You take 21 damage, and have 2/66 hp.
MASSIVE DAMAGE!!
You feel much better. Pikel barely misses you.
You regained 26 hp, and now have 28/66 hp.
You closely miss Pikel. You block Pikel's attack.
You scratch Pikel but do no damage.
Pikel hits you with a +1 whip of electrocution.
* * * LOW HITPOINT WARNING * * *
You barely miss Pikel.
Pikel hits you with a +1 whip of electrocution.
* * * LOW HITPOINT WARNING * * *
You claw Pikel!
Pikel is moderately wounded.
Pikel barely misses you.
You take 7 damage, and have 22/66 hp.
You closely miss Pikel.
Pikel is lightly wounded.
Pikel hits you with a +1 whip of electrocution.
* * * LOW HITPOINT WARNING * * *
You are electrocuted!
* * * LOW HITPOINT WARNING * * *
You take 20 damage, and have 2/66 hp.
MASSIVE DAMAGE!!
It was a potion of might.
You feel very mighty all of a sudden. Pikel closely misses you.
It was a potion of lignification.
You turn into a tree.
Your scarf of repulsion melds into your body.
Your +0 hat melds into your body.
Your +0 robe melds into your body.
The haze of the repulsion field disappears.
Your roots penetrate the ground.
Pikel hits you but does no damage.
You now have 5/99 hp.
You smack Pikel!
Pikel is severely wounded.
Pikel hits you but does no damage.
You are electrocuted!!
You die...

..........#.# #.####
..........#.#######.####
..........[<............
...##.#############.####
...(...............#
..##(...############ ..
#....# ...##..†.######
.......♣..!....
#####.)K.###### #(.?.#
.(..... .(.....#.
..(....####' ..((... ..
(...... ..


You could see Pikel.

Vanquished Creatures
  4 slaves
  2 ogres (D:4)
  A scorpion (D:4)
  A hound (D:4)
  4 orc priests (D:4)
  An iguana (D:4)
  A worker ant (D:4)
  Robin (D:2)
  7 adders
  2 worms
  3 dart slugs
  5 leopard geckos
  3 orcs
  3 giant cockroaches (D:1)
  9 goblins
  13 hobgoblins
  2 quokkas (D:3)
  3 ball pythons
  9 bats
  3 frilled lizards
  A jackal skeleton (D:4)
  4 kobolds
  7 rats
89 creatures vanquished.

Notes
Turn   | Place    | Note
-------+----------+-------------------------------------------
     0 | D:1      | Monsterracer the Troll Wizard began the quest for the Orb.
     0 | D:1      | Reached XP level 1. HP: 16/16 MP: 2/2
    68 | D:1      | Reached skill level 1 in Unarmed Combat
   104 | D:1      | Reached XP level 2. HP: 26/26 MP: 4/4
   629 | D:1      | Reached XP level 3. HP: 32/32 MP: 5/5
   867 | D:1      | Reached skill level 2 in Unarmed Combat
   991 | D:2      | Found a hide-covered altar of Uskayaw.
   996 | D:2      | Found a hazy altar of Hepliaklqana.
  1023 | D:2      | Reached skill level 1 in Fighting
  1089 | D:2      | Noticed Robin
  1095 | D:2      | HP: 15/33 [Robin/+0 trident (6)]
  1099 | D:2      | Killed Robin
  1367 | D:2      | Reached XP level 4. HP: 41/41 MP: 6/6
  1384 | D:2      | Found a shadowy altar of Dithmenos.
  1488 | D:2      | Found a glowing silver altar of Zin.
  1710 | D:3      | Found an iron altar of Okawaru.
  1829 | D:3      | Found a white marble altar of Elyvilon.
  1915 | D:3      | Reached skill level 3 in Unarmed Combat
  2048 | D:3      | Reached XP level 5. HP: 49/49 MP: 7/7
  2410 | D:4      | Noticed a slave
  2432 | D:4      | HP: 24/49 [slave[Pikel] (7)]
  2433 | D:4      | Noticed a slave
  2435 | D:4      | Killed a slave
  2435 | D:4      | Noticed a slave
  2436 | D:4      | Noticed a slave
  2900 | D:4      | Noticed Pikel
  2914 | D:3      | Killed a slave
  2924 | D:3      | HP: 24/49 [slave[Pikel] (5)]
  2929 | D:3      | Killed a slave
  2933 | D:3      | HP: 23/49 [slave[Pikel] (6)]
  2939 | D:3      | HP: 17/49 [slave[Pikel] (5)]
  2944 | D:3      | Killed a slave
  3008 | D:4      | Found a staircase to the Ecumenical Temple.
  3049 | D:4      | Reached skill level 1 in Shields
  3049 | D:4      | Reached skill level 4 in Unarmed Combat
  3049 | D:4      | Reached XP level 6. HP: 43/57 MP: 8/8
  3156 | Temple   | Entered the Ecumenical Temple
  3160 | Temple   | Became a worshipper of Cheibriados the Contemplative
  3421 | D:4      | Reached XP level 7. HP: 66/66 MP: 9/9
  3434 | D:4      | HP: 31/66 [Pikel/+1 whip of electrocution (9)]
  3440 | D:4      | HP: 10/66 [Pikel/+1 whip of electrocution (8)]
  3440 | D:4      | HP: 4/66 [orc priest/+0 falchion (6)]
  3450 | D:4      | HP: 19/66 [Pikel/+1 whip of electrocution (5)]
  3450 | D:4      | HP: 2/66 [Pikel/+1 whip of electrocution (17)]
  3456 | D:4      | HP: 17/66 [Pikel/+1 whip of electrocution (6)]
  3456 | D:4      | HP: 2/66 [Pikel/+1 whip of electrocution (15)]
  3459 | D:4      | Mangled by Pikel

Skill      XL: |  1  2  3  4  5  6 |
---------------+-------------------+-----
Unarmed Combat | 1 2 3 4 |  4.9
Dodging        | 2 3 |  3.2
Fighting       | 1 2 |  2.6
Shields        | 1 |  1.7
Stealth        | |  1.0
Spellcasting   | |  2.0
Conjurations   | |  0.6
Summonings     | |  0.6
Translocations | |  0.6
Invocations    | |  0.9

Action                   |  1- 3 |  4- 6 |  7- 9 || total
-------------------------+-------+-------+-------++-------
Melee: Unarmed           |   137 |   183 |    24 ||   344
       Punch             |       |     1 |       ||     1
Throw: Stone             |       |    19 |     6 ||    25
Invok: Bend Time         |       |       |     3 ||     3
  Use: Scroll            |       |     6 |       ||     6
       Potion            |       |       |     4 ||     4
 Stab: Sleeping          |     1 |     1 |       ||     2
  Eat: Chunk             |    18 |    14 |       ||    32
Armor: Robe              |    53 |    51 |     1 ||   105
       Skin              |       |       |     2 ||     2
Dodge: Dodged            |    65 |    49 |     9 ||   123
       Deflected         |       |     1 |       ||     1
Block: Shield            |       |    31 |     5 ||    36

Levels and vault maps discovered:
D:1:      ncdulo_halloftheorcs, layout_basic, minmay_tiny_reverse_x
D:2:      layout_basic, lemuel_round_altar, grunt_temple_overflow_open,
          zin_statuary, uniq_robin
D:3:      minmay_spotlight, layout_basic, lemuel_crystal_altar, elyvilon_altar_4
D:4:      layout_basic, tso_altar, minmay_temple_entry_statues_fountains,
          cheibrodos_sewer_entry_bend, uniq_pikel
Temple:   nicolae_temple_x_marks_the_god
